 Dungeon Crawl Stone Soup version 0.20-a0-303-g575bbf7 (webtiles) character file.

623 junb69 the Chopper (level 7, -2/90 HPs)
             Began as a Minotaur Gladiator on Dec 17, 2016.
             Slain by an orc warrior
             ... wielding a +0 halberd
              (3 damage)
             ... on level 6 of the Dungeon.
             The game lasted 00:05:11 (1403 turns).

junb69 the Chopper (Minotaur Gladiator)             Turns: 1403, Time: 00:05:12

Health: -2/90      AC: 23    Str: 22    XL:     7   Next: 22%
Magic:  6/6        EV:  2    Int:  7    God:
Gold:   55         SH:  0    Dex: 15    Spells: 6/6 levels left

rFire  . . .     SeeInvis .     a - +0 war axe
rCold  . . .     Gourm    .     (armour currently unavailable)
rNeg   + + +     Faith    .     (no shield)
rPois  +         Spirit   .     (helmet currently unavailable)
rElec  .         Reflect  .     (cloak currently unavailable)
rCorr  .         Harm     .     (gloves currently unavailable)
MR     .....     NoTele   +     (boots currently unavailable)
Stlth  ..........               (no amulet)
                                (no ring)
                                h - ring of loudness (curse)

@: mighty, tree-form
A: (retaliatory headbutt), (horns 0), agile 1, clever 1, weak 1
a: no special abilities


You were on level 6 of the Dungeon.
You were hungry.
You were a tree.
You visited 1 branch of the dungeon, and saw 6 of its levels.

You collected 55 gold pieces.

Inventory:

Hand Weapons
 a - a +0 war axe (weapon)
 k - a +0 blowgun
Missiles
 d - 3 throwing nets (quivered)
Armour
 c - a +0 hat (melded)
 g - a +0 chain mail (melded)
Jewellery
 h - a cursed ring of loudness (left branch)
Scrolls
 b - a scroll of enchant weapon
 e - 3 scrolls of identify
Potions
 n - a potion of lignification
Books
 l - a book of Minor Magic

   Spells                             Type                      Level
   a - Magic Dart                     Conjuration                  1
   b - Blink                          Translocation                2
   c - Call Imp                       Summoning                    2
   d - Repel Missiles                 Charms/Air                   2
   e - Slow                           Hexes                        2
   f - Conjure Flame                  Conjuration/Fire             3
   g - Mephitic Cloud                 Conjuration/Poison/Air       3
Comestibles
 f - 3 bread rations


   Skills:
 - Level 4.3 Fighting
 * Level 6.3 Axes
 - Level 3.8 Throwing
 * Level 3.4 Armour
 - Level 5.0 Dodging


You had 6 spell levels left.
You didn't know any spells.

Dungeon Overview and Level Annotations

Branches:
Dungeon (6/15)
 Temple: D:4-7

Altars:
Kikubaaqudgha


Innate Abilities, Weirdness & Mutations

((You reflexively headbutt those who attack you in melee.))
((You have a pair of horns on your head.))
You are agile. (Dex +2)
Your mind is acute. (Int +2)
You are weak. (Str -2)


Message History

* * * LOW HITPOINT WARNING * * *
You cannot move.
The orc warrior hits you from afar with a halberd.
* * * LOW HITPOINT WARNING * * *
The orc warrior hits you from afar with a halberd.
* * * LOW HITPOINT WARNING * * *
The orc warrior hits you but does no damage.
The orc warrior hits you from afar with a halberd!
* * * LOW HITPOINT WARNING * * *
The orc warrior hits you from afar with a halberd.
* * * LOW HITPOINT WARNING * * *
The orc warrior barely misses you.
The orc warrior hits you but does no damage.
The orc warrior hits you but does no damage.
The orc warrior barely misses you.
The orc warrior hits you but does no damage.
The orc warrior hits you from afar with a halberd.
* * * LOW HITPOINT WARNING * * *
The orc warrior hits you from afar with a halberd.
You die...

#...... #.#
#...... # # #.#
. #.#.#(#
#.#.#.#.#
#.....#.######.
#..............
#.......$...###
#...[♣.......
#...)))...###
#...oPP...#
....###.....#
... #......# ..
.."...... #
...#.....
_..##....


You could see an orc warrior.

Vanquished Creatures
  The ghost of namelastname112 the Vexing, an amateur DrEn (D:4)
  2 ogres
  A crimson imp (D:4)
  2 orc priests (D:6)
  An orc wizard (D:6)
  2 worker ants
  A hound skeleton (D:4)
  2 gnolls (D:5)
  An adder (D:5)
  An ooze (D:2)
  A dart slug (D:4)
  3 leopard geckos
  3 orcs (D:6)
  3 goblins
  A hobgoblin (D:2)
  13 jackals (D:5)
  A kobold (D:3)
  A frilled lizard (D:4)
  A leopard gecko zombie (D:5)
  A quokka skeleton (D:4)
  3 rats
45 creatures vanquished.

Notes
Turn   | Place    | Note
-------+----------+-------------------------------------------
     0 | D:1      | junb69 the Minotaur Gladiator began the quest for the Orb.
     0 | D:1      | Reached XP level 1. HP: 18/18 MP: 0/0
    20 | D:2      | Reached XP level 2. HP: 18/25 MP: 1/1
   262 | D:4      | Reached skill level 4 in Axes
   262 | D:4      | Reached XP level 3. HP: 13/30 MP: 2/2
   618 | D:4      | Reached XP level 4. HP: 28/38 MP: 3/3
   663 | D:4      | Noticed namelastname112's ghost (amateur DrEn)
   665 | D:4      | Noticed an ogre
   688 | D:4      | Gained mutation: Your mind is acute. (Int +2) [potion of mutation]
   688 | D:4      | Gained mutation: You are weak. (Str -2) [potion of mutation]
   688 | D:4      | Gained mutation: You are agile. (Dex +2) [potion of mutation]
   709 | D:4      | Killed namelastname112's ghost
   709 | D:4      | Reached skill level 5 in Axes
   709 | D:4      | Reached XP level 5. HP: 24/46 MP: 4/4
   709 | D:4      | Reached XP level 6. HP: 27/52 MP: 5/5
   713 | D:4      | Reached skill level 5 in Dodging
  1041 | D:5      | Entered Level 5 of the Dungeon
  1308 | D:5      | Reached XP level 7. HP: 50/60 MP: 6/6
  1310 | D:5      | Reached skill level 6 in Axes
  1378 | D:6      | Found an ancient bone altar of Kikubaaqudgha.
  1394 | D:6      | HP: 2/90 [orc warrior/halberd (10)]
  1402 | D:6      | HP: 1/90 [orc warrior/halberd (2)]
  1403 | D:6      | Slain by an orc warrior

Vault maps used:
D:1:      minmay_arrival_semitransparent
D:2:      okawaru_altar_gauntlet_db, first_bread, kennysheep_decorative_pillar
D:3:      uniq_sigmund
D:5:      lemuel_castle_with_subvaults, grunt_temple_overflow_open
D:6:      kiku_gazebo_garden_becter, nicolae_overflow_crystal_walls,
          lightli_church_of_beogh

Skill      XL: |  1  2  3  4  5  6  7 |
---------------+----------------------+-----
Axes           | 4 5 6 |  6.3
Fighting       | 3 4 |  4.3
Dodging        | 4 5 |  5.0
Throwing       | 3 |  3.8
Armour         | 2 3 |  3.4

Action                   |  1- 3 |  4- 6 |  7- 9 || total
-------------------------+-------+-------+-------++-------
Melee: War axe           |    41 |    86 |    15 ||   142
       Headbutt          |     8 |    17 |     2 ||    27
Throw: Throwing net      |       |     1 |       ||     1
  Use: Potion            |       |     1 |     2 ||     3
       Scroll            |       |     2 |     1 ||     3
 Stab: Held in net/web   |       |     1 |       ||     1
  Eat: Chunk             |       |     1 |       ||     1
Armor: Leather armour    |     2 |       |       ||     2
       Chain mail        |    27 |    62 |     3 ||    92
       Skin              |       |       |    17 ||    17
Dodge: Dodged            |    18 |    46 |     7 ||    71
